[Event "23rd ETCC Women 2021"]
[Site "Catez"]
[Date "2021.11.12"]
[Round "1.58"]
[White "Barbier, Wiebke"]
[Black "Janzelj, Lara"]
[Result "1-0"]
[ECO "B31"]
[WhiteElo "1964"]
[BlackElo "2150"]
[Annotator "ChessBase"]
[PlyCount "137"]
[EventDate "2021.11.08"]
[EventType "team-tourn"]
[EventCountry "SLO"]
[SourceTitle "playchess.com"]
[Source "ChessBase"]
[SourceQuality "1"]
[WhiteTeam "Belgium"]
[BlackTeam "Slovenia"]
[WhiteTeamCountry "BEL"]
[BlackTeamCountry "SLO"]
[TimeControl "40/5400+30:1800+30"]

1. e4 c5 2. Be2 Nc6 3. d3 g6 4. f4 Bg7 5. c3 d6 6. Nf3 e6 7. O-O Nge7 8. Qe1 O-O 9. Na3 Rb8 10. Nc2 f5 11. Qh4 b5 12. Ne3 b4 13.
Bd2 Qd7 14. Rf2 Ba6 15. g4 bxc3 16. bxc3 Rb2 17. Rg2 fxe4 18. Ng5 h6 19. Nxe4 d5 20. Nd1 Rb5 21. Ng3 Qb7 22. f5 g5 23. Bxg5 hxg5 24. Qxg5 Nc8 25. fxe6 Nd8 26. e7 Nxe7 27. Nf5 Nxf5 28. gxf5 Qf7 29. Ne3 Bb7 30. Bf3 Qf6 31. Qxf6 Rxf6 32. Bxd5+ Kf8 33. Rf1 Bxd5 34. Nxd5 Rf7 35. f6 Bh6 36. Rg6 Rh7 37. Re1 Kf7 38. Rg2 Bf8 39. Rge2 Rb7 40. Re8 Rd7 41. c4 Nc6 42. Rc8 Nd4 43. Re7+ Bxe7 44. fxe7 Rg7+ 45. Kf2 Rxe7 46. Nxe7 Kxe7 47. Rxc5 Ke6 48. Ra5 Rh7 49. Ke3 Nf5+ 50. Kf4 Nd6 51. Ra6 Rc7 52. h4 Ke7 53. h5 Nf7 54. h6 Kf8 55. Ke4 Kg8 56. Kd5 Rd7+ 57. Ke4 Rc7 58.
Kd5 Rd7+ 59. Ke4 Rc7 60. Kd4 Kh7 61. c5 Nxh6 62. c6 Kg7 63.
Kc5 Kf7 64. d4 Ke7 65. d5 Nf7 66. Ra3 Kd8 67. Rf3 Ne5 68. Rf8+ Ke7 69. d6+ 1-0

[Event "23rd ETCC Women 2021"]
[Site "Catez"]
[Date "2021.11.12"]
[Round "1.59"]
[White "Rozman, Monika"]
[Black "Vanduyfhuys, Daria"]
[Result "0-1"]
[ECO "B96"]
[WhiteElo "2112"]
[BlackElo "1933"]
[Annotator "NA"]
[PlyCount "60"]
[EventDate "2021.11.08"]
[EventType "team-tourn"]
[EventCountry "SLO"]
[SourceTitle "playchess.com"]
[Source "ChessBase"]
[SourceQuality "1"]
[WhiteTeam "Slovenia"]
[BlackTeam "Belgium"]
[WhiteTeamCountry "SLO"]
[BlackTeamCountry "BEL"]
[TimeControl "40/5400+30:1800+30"]

1. e4 c5 2. Nf3 d6 3. d4 cxd4 4. Nxd4 Nf6 5. Nc3 a6 6. Bg5 e6 7. f4 Nbd7 8. Qf3 Qc7 9. O-O-O b5 10. Bd3 b4 11. Nce2 Bb7 12. Rhe1 Be7 13.
Kb1 O-O 14. Qh3 Nc5 15. Ng3 Nxd3 16. Rxd3 Rac8 17. e5 dxe5 18. fxe5 Nd5 19. Bd2 Bc5 20. Nf3 Be3 21. c3 Bxd2 22. Rxd2 bxc3 23. Rc2 Qa5 24. Ng5 h6 25. N3e4 Nb4 26. Nf6+ gxf6 27. b3 hxg5 28. exf6 Qf5 29. Qxf5 exf5 30. g4 Be4 0-1

[Event "23rd ETCC Women 2021"]
[Site "Catez"]
[Date "2021.11.12"]
[Round "1.60"]
[White "Barbier, Astrid"]
[Black "Krivec, Jana"]
[Result "1/2-1/2"]
[ECO "C60"]
[WhiteElo "1915"]
[BlackElo "2227"]
[Annotator "NA"]
[PlyCount "80"]
[EventDate "2021.11.08"]
[EventType "team-tourn"]
[EventCountry "SLO"]
[SourceTitle "playchess.com"]
[Source "ChessBase"]
[SourceQuality "1"]
[WhiteTeam "Belgium"]
[BlackTeam "Slovenia"]
[WhiteTeamCountry "BEL"]
[BlackTeamCountry "SLO"]
[TimeControl "40/5400+30:1800+30"]

1. e4 e5 2. Nf3 Nc6 3. Bb5 Nge7 4. c3 a6 5. Ba4 g6 6. O-O Bg7 7. d4 exd4 8. cxd4 b5 9. Bb3 O-O 10. a3 d6 11. h3 Na5 12. Ba2 c5 13. Be3 c4 14. Nc3 f5 15. Bg5 h6 16. Be3 fxe4 17. Nxe4 Bb7 18. Qc2 Nf5 19. Rae1 Nc6 20. Ng3 Nce7 21. Qd1 Bxf3 22. Qxf3 Nxd4 23. Qd1 Ndf5 24. Bc1 Nxg3 25. fxg3 Rxf1+ 26. Rxf1 Qb6+ 27. Kh2 Rf8 28.
Re1 Nf5 29. Bb1 Kh7 30. Re6 Be5 31. Bxf5 Rxf5 32. Qg4 Bf6 33. Rxf6 Rxf6 34. Qd7+ Kg8 35. Bxh6 Rf7 36. Qe8+ Kh7 37. Qxf7+ Kxh6 38. Qf8+ Kh7 39. Qf7+ Kh6 40. Qf8+ Kh7 1/2-1/2

[Event "23rd ETCC Women 2021"]
[Site "Catez"]
[Date "2021.11.13"]
[Round "2.2"]
[White "Gunina, Valentina"]
[Black "Garcia Martin, Marta"]
[Result "1-0"]
[ECO "D37"]
[WhiteElo "2480"]
[BlackElo "2324"]
[Annotator "ChessBase"]
[PlyCount "99"]
[EventDate "2021.11.08"]
[EventType "team-tourn"]
[EventCountry "SLO"]
[SourceTitle "playchess.com"]
[Source "ChessBase"]
[SourceQuality "1"]
[WhiteTeam "Russia"]
[BlackTeam "Spain"]
[WhiteTeamCountry "RUS"]
[BlackTeamCountry "ESP"]
[TimeControl "40/5400+30:1800+30"]

1. d4 d5 2. c4 e6 3. Nf3 Nf6 4. Nc3 a6 5. cxd5 exd5 6. Bg5 Be6 7. Bxf6 Qxf6 8. Qb3 Ra7 9. a3 b5 10. e3 c6 11. Rc1 Bd6 12. Bd3 Bg4 13.
Be2 O-O 14. h3 Bf5 15. Qd1 Nd7 16. Bd3 Nb6 17. O-O Nc4 18. Bxf5
Qxf5 19. Qe2 a5 20. a4 bxa4 21. e4 Qe6 22. e5 Be7 23. Nxa4 Rb8 24.
Rc2 Rab7 25. Ra1 Rb5 26. Ne1 c5 27. dxc5 Qxe5 28. Nd3 Qxe2 29. Rxe2 Bf6 30. Rae1 h6 31.
Nf4 Nxb2 32. Nb6 Bg5 33. Nfxd5 Rxc5 34. Nd7 Rxd5 35. Nxb8 Bf6 36. Nc6 Rc5 37. Ne5 Rd5 38. Ng4 Bd4 39. Rd2 Nc4 40. Rd3 Nb2 41. Rf3 f6 42. Re8+ Kh7 43. Re7 Kh8 44. Rb3 a4 45. Rbb7 f5 46. Ne3 Ra5 47. Nc2 Bf6 48. Re8+ Kh7 49. Re6 Bc3 50. Rc6 1-0

[Event "23rd ETCC Women 2021"]
[Site "Catez"]
[Date "2021.11.13"]
[Round "2.3"]
[White "Matnadze, Ana"]
[Black "Shuvalova, Polina"]
[Result "0-1"]
[ECO "A14"]
[WhiteElo "2418"]
[BlackElo "2515"]
[Annotator "ChessBase"]
[PlyCount "158"]
[EventDate "2021.11.08"]
[EventType "team-tourn"]
[EventCountry "SLO"]
[SourceTitle "playchess.com"]
[Source "ChessBase"]
[SourceQuality "1"]
[WhiteTeam "Spain"]
[BlackTeam "Russia"]
[WhiteTeamCountry "ESP"]
[BlackTeamCountry "RUS"]
[TimeControl "40/5400+30:1800+30"]

1. Nf3 d5 2. g3 Nf6 3. Bg2 e6 4. O-O Be7 5. c4 O-O 6. b3 b6 7. cxd5 Nxd5 8. Bb2 Bb7 9. d4 Nd7 10. Re1 N5f6 11. Nc3 c5 12. e4 cxd4 13. Nxd4 Bb4 14. e5 Bxc3 15. Bxc3 Nd5 16. Bb2 a6 17. Nf5 exf5 18. Bxd5 Bxd5 19. Qxd5 Nc5 20. Red1 Rc8 21. Qf3 Qg5 22. h4 Qg4 23. Qxg4 fxg4 24. Rd4 h5 25. Rc1 Ne6 26. Rd6 Rfd8 27. Rxc8 Rxc8 28. Bd4 Rc2 29. Be3 Rxa2 30. Rxb6 Ra1+ 31. Kg2 Kh7 32. b4 Kg6 33. Rb7 Rb1 34. Rb6 Kf5 35. Rxa6 Rxb4 36. Ra7 Kg6 37. Ra5 Rb7 38. Kf1 Kf5 39. Ke2 g6 40. Kf1 Ke4 41. Kg2 Rd7 42. Rb5 Re7 43. Ra5 Rb7 44. Kh2 Ng7 45. Ra4+ Kd5 46. Ra5+ Ke6 47. Bf4 Nf5 48. Ra4 Kd5 49. Ra1 Nd4 50. Kg2 Nf3 51. Kf1 Rb4 52. Ra5+ Ke4 53. Ra1 Kf5 54. Ra7 Rb1+ 55. Ke2 Ke4 56. Ra4+ Nd4+ 57. Kd2 Rb2+ 58. Ke1 Kd3 59. Ra3+ Rb3 60. Rxb3+ Nxb3 61. Kf1 Nd4 62. Kg2 Nf3 63. Kf1 Ke4 64. Be3 Nxe5 65. Kg2 Kd3 66. Kf1 Nc4 67. Ba7 Kd2 68. Bc5 Kd1 69. Ba7 Nd2+ 70. Kg2 Ke2 71. Bb6 Nf3 72. Bc5 Ne1+ 73. Kg1 Kf3 74. Bb6 Nd3 75. Bd4 f5 76. Be3 f4 77. gxf4 g3 78.
f5 gxf5 79. Bb6 Nxf2 0-1

[Event "23rd ETCC Women 2021"]
[Site "Catez"]
[Date "2021.11.13"]
[Round "2.4"]
[White "Kashlinskaya, Alina"]
[Black "Eizaguerri Floris, Maria"]
[Result "1-0"]
[ECO "D37"]
[WhiteElo "2482"]
[BlackElo "2328"]
[Annotator "ChessBase"]
[PlyCount "67"]
[EventDate "2021.11.08"]
[EventType "team-tourn"]
[EventCountry "SLO"]
[SourceTitle "playchess.com"]
[Source "ChessBase"]
[SourceQuality "1"]
[WhiteTeam "Russia"]
[BlackTeam "Spain"]
[WhiteTeamCountry "RUS"]
[BlackTeamCountry "ESP"]
[TimeControl "40/5400+30:1800+30"]

1. d4 d5 2. c4 e6 3. Nf3 Nf6 4. Nc3 Be7 5. Bf4 O-O 6. e3 b6 7. Qc2 Bb7 8. cxd5 Nxd5 9. Nxd5 Qxd5 10. Bd3 h6 11. Qxc7 Bb4+ 12. Kf1 Ba6 13. Bxa6 Nxa6 14. Qc2 Rac8 15. Qe2 Qa5 16. h4 Qa4 17. Kg1 b5 18. b3 Qa5 19. Rh3 Be7 20. Rg3 Kh8 21. Ne5 Qc3 22. Rf1 Qc2 23. Qg4 Qh7 24. Nxf7+ Rxf7 25. Qxe6 Qf5 26. Qxa6 Bxh4 27. Rh3 Be7 28. Be5 Bf6 29. Rf3 Qd7 30. Bxf6 Rc6 31. Qxb5 gxf6 32. Rg3 Rg7 33. Rxg7 Kxg7 34. d5 1-0

[Event "23rd ETCC Women 2021"]
[Site "Catez"]
[Date "2021.11.13"]
[Round "2.5"]
[White "Dzagnidze, Nana"]
[Black "Bulmaga, Irina"]
[Result "1-0"]
[ECO "E62"]
[WhiteElo "2524"]
[BlackElo "2405"]
[Annotator "ChessBase"]
[PlyCount "70"]
[EventDate "2021.11.08"]
[EventType "team-tourn"]
[EventCountry "SLO"]
[SourceTitle "playchess.com"]
[Source "ChessBase"]
[SourceQuality "1"]
[WhiteTeam "Georgia"]
[BlackTeam "Romania"]
[WhiteTeamCountry "GEO"]
[BlackTeamCountry "ROU"]
[TimeControl "40/5400+30:1800+30"]

1. d4 Nf6 2. c4 g6 3. Nf3 Bg7 4. g3 O-O 5. Bg2 d6 6. Nc3 c6 7. e4 c5 8. d5 b5 9. e5 dxe5 10. Nxe5 Bb7 11. Nc6 Nxc6 12. dxc6 Qxd1+ 13. Kxd1 Rad8+ 14. Ke2 b4 15. cxb7 bxc3 16. bxc3 Nd7 17. Rd1 Bxc3 18. Rb1 Nb8 19. Be3 Bd4 20. Bxd4 cxd4 21. Rb5 Rd6 22. Ra5 a6 23. c5 Re6+ 24. Kf1 Rd8 25. c6 Nxc6 26. Rxa6 Nb8 27. Rxe6 fxe6 28. Rc1 Kf7 29. Rc8 Rf8 30. a4 Na6 31. Be4 Kg7 32. Bd3 Nb8 33. a5 e5 34. a6 e4 35.
Rxf8 Kxf8 1-0

[Event "23rd ETCC Women 2021"]
[Site "Catez"]
[Date "2021.11.13"]
[Round "2.6"]
[White "Peptan, Corina-Isabela"]
[Black "Javakhishvili, Lela"]
[Result "1/2-1/2"]
[ECO "E14"]
[WhiteElo "2385"]
[BlackElo "2446"]
[Annotator "ChessBase"]
[PlyCount "121"]
[EventDate "2021.11.08"]
[EventType "team-tourn"]
[EventCountry "SLO"]
[SourceTitle "playchess.com"]
[Source "ChessBase"]
[SourceQuality "1"]
[WhiteTeam "Romania"]
[BlackTeam "Georgia"]
[WhiteTeamCountry "ROU"]
[BlackTeamCountry "GEO"]
[TimeControl "40/5400+30:1800+30"]

1. Nf3 Nf6 2. c4 e6 3. e3 b6 4. b3 Bb7 5. Bb2 d5 6. Nc3 a6 7. d4 Bd6 8. cxd5 exd5 9. Bd3 Nbd7 10. O-O O-O 11. Rc1 Qe7 12. Ne2 Ne4 13.
Qc2 Rac8 14. Nf4 g5 15. Ne2 f5 16. Ng3 g4 17. Nd2 Qh4 18.
f4 Nxg3 19. hxg3 Qxg3 20. Rfe1 Rce8 21. Nf1 Qh4 22. Bxf5 Nf6 23. Qf2 Qxf2+ 24. Kxf2 h5 25. g3 Ne4+ 26. Bxe4 Rxe4 27. Nd2 Re6 28. Rh1 Rf5 29. Nb1 b5 30. a3 a5 31. Nc3 c6 32. Rc2 Be7 33.
Ne2 h4 34. gxh4 Rh5 35. Bc1 Rxh4 36. Rxh4 Bxh4+ 37. Kg2 Bc8 38. Bd2 Rh6 39. e4 dxe4 40. Bxa5 e3 41. d5 Bf5 42. Rxc6 Be4+ 43. Kf1 Rxc6 44. dxc6 Bxc6 45. Be1 Be7 46. Nd4 Bf3 47. Nxb5 e2+ 48. Kg1 Kf7 49. b4 Ke6 50. Kf2 Bf6 51. Ke3 Kf5 52. Nd6+ Ke6 53. Ne4 Bb2 54. Ng5+ Kf5 55. Nxf3 gxf3 56. Kxf3 Bxa3 57. b5 Bd6 58. Kxe2 Bxf4 59. Kd3 Ke5 60. Kc4 Kd6 61. Ba5 1/2-1/2

[Event "23rd ETCC Women 2021"]
[Site "Catez"]
[Date "2021.11.13"]
[Round "2.7"]
[White "Arabidze, Meri"]
[Black "Cosma, Elena-Luminita"]
[Result "1/2-1/2"]
[ECO "A14"]
[WhiteElo "2441"]
[BlackElo "2281"]
[Annotator "ChessBase"]
[PlyCount "171"]
[EventDate "2021.11.08"]
[EventType "team-tourn"]
[EventCountry "SLO"]
[SourceTitle "playchess.com"]
[Source "ChessBase"]
[SourceQuality "1"]
[WhiteTeam "Georgia"]
[BlackTeam "Romania"]
[WhiteTeamCountry "GEO"]
[BlackTeamCountry "ROU"]
[TimeControl "40/5400+30:1800+30"]

1. Nf3 d5 2. g3 Nf6 3. Bg2 e6 4. O-O Be7 5. c4 dxc4 6. Na3 O-O 7. Nxc4 c5 8. b3 b5 9. Nce5 Bb7 10. Bb2 Nbd7 11. Nxd7 Nxd7 12. Rc1 Rc8 13. d3 Bf6 14. Qd2 Qb6 15. Rc2 Bxb2 16. Rxb2 Rc7 17. Rc1 Rfc8 18. Rbc2 h6 19. Qf4 Nf6 20. g4 Ne8 21. h4 Qd6 22. Qxd6 Nxd6 23. Nd2 Bxg2 24. Kxg2 Kf8 25. f4 h5 26. gxh5 Nf5 27. Kf2 Nd4 28.
Rc3 b4 29. Rc4 f5 30. a3 bxa3 31. Ra4 Nb5 32. Nc4 Ke7 33. Nxa3 Nxa3 34. Rxa3 Rb8 35. d4 Rb5 36. Rxc5 Rcxc5 37. dxc5 Rxc5 38.
Rxa7+ Kf6 39. Rb7 e5 40. Rb6+ Kf7 41. Rb7+ Kf6 42. b4 Rc4 43. fxe5+ Kxe5 44. b5 Rxh4 45. b6 Rb4 46. Rb8 Kf6 47. b7 Kg5 48. h6 Kg6 49. hxg7 Kxg7 50. e3 Kh7 51. Ke2 Rb3 52. Kd2 Kg7 53. Kc2 Rb5 54. Kc3 Rb1 55. Kd4 Rb3 56. Kc5 Kh7 57. Kc6 Rc3+ 58. Kd5 Rb3 59. Kc4 Rb1 60. Kd4 Rb3 61. Rf8 Rxb7 62. Rxf5 Kg6 63. e4 Rb4+ 64. Ke3 Rb3+ 65. Kf4 Rb1 66. Ra5 Kf6 67. Ra6+ Ke7 68. Kf5 Rb2 69. Ra7+ Ke8 70. Rc7 Kd8 71. Rh7 Ke8 72. Rg7 Rb5+ 73. e5 Rb6 74. Rc7 Ra6 75. Rb7 Rc6 76. Ke4 Ra6 77. Rc7 Rb6 78. Kd5 Ra6 79. Rc6 Rxc6 80. Kxc6 Ke7 81. Kd5 Kd7 82. e6+ Ke7 83. Ke5 Ke8 84. Kd6 Kd8 85. e7+ Ke8 86. Ke6 1/2-1/2

[Event "23rd ETCC Women 2021"]
[Site "Catez"]
[Date "2021.11.13"]
[Round "2.8"]
[White "Sandu, Mihaela"]
[Black "Gvetadze, Sofio"]
[Result "1/2-1/2"]
[ECO "B08"]
[WhiteElo "2244"]
[BlackElo "2302"]
[Annotator "RC"]
[PlyCount "213"]
[EventDate "2021.11.08"]
[EventType "team-tourn"]
[EventCountry "SLO"]
[SourceTitle "playchess.com"]
[Source "ChessBase"]
[SourceQuality "1"]
[WhiteTeam "Romania"]
[BlackTeam "Georgia"]
[WhiteTeamCountry "ROU"]
[BlackTeamCountry "GEO"]
[TimeControl "40/5400+30:1800+30"]

1. e4 g6 2. d4 Bg7 3. Nf3 d6 4. Be2 Nf6 5. Nc3 c6 6. O-O O-O 7. a4 Qc7 8. h3 e5 9. dxe5 dxe5 10. Bc4 a5 11. Be3 Na6 12. Qe2 Nh5 13. Rfd1 Nf4 14. Bxf4 exf4 15. e5 Nb4 16. Ne4 Bxe5 17. c3 Nd5 18. Bxd5 cxd5 19. Rxd5 Bg7 20. Nd4 Ra6 21. Rd1 Rb6 22. Qd2 Bd7 23. Nb5 Bxb5 24. axb5 Re6 25. Nc5 Re7 26. b6 Qc6 27. Qxf4 Qxb6 28. Nd7 Rxd7 29. Rxd7 Qxb2 30. Re7 b5 31. Rd8 Qb3 32. c4 Qxc4 33. Qxc4 bxc4 34. Rxf8+ Bxf8 35. Rc7 a4 36. Rxc4 a3 37. g4 Be7 38. Ra4 Kg7 39. Kf1 h6 40. Ke2 Bc5 41. f3 Kf6 42.
Kd3 Bf8 43. Ke4 Ke6 44. Ra6+ Bd6 45. Kd4 h5 46. g5 Kd7 47. Kd5 Bf4 48. Ra7+ Ke8 49. h4 Bg3 50. Rxa3 Bxh4 51. f4 Kf8 52.
Ke5 Bf2 53. f5 gxf5 54. Kf6 Bd4+ 55. Kxf5 Kg7 56. Rh3 Bc5 57. Rxh5 Be7 58. Rh1 Bd8 59. Rd1 Ba5 60. Rd5 Bc3 61. Rc5 Bd4 62. Rc4 Bb2 63. Rc6 Kf8 64. Rc7 Ke8 65. Rb7 Bc3 66. Ke4 Bd2 67. Kf5 Bc3 68. Rb8+ Ke7 69. Rb3 Bg7 70. Re3+ Kf8 71. Re2 Bd4 72. Rd2 Bc3 73. Rc2 Bd4 74. Rc7 Bb2 75. Rb7 Bc3 76. Kg4 Bd4 77. Kh5 Be3 78. Rb3 Bd2 79. Rb8+ Kg7 80. Rb2 Bc3 81. Rb7 Kg8 82. Rc7 Be5 83. Rb7 Bd4 84. Kh6 Bg7+ 85. Kh5 Bd4 86. Kg4 Kf8 87. Kf5 Bc3 88. Rb3 Bd4 89. Rf3 Kg7 90. Rf4 Bc3 91. Rc4 Bb2 92. Rc7 Kf8 93. Rb7 Bc3 94. g6 fxg6+ 95. Kxg6 Ke8 96. Kf5 Kd8 97. Ke6 Be1 98. Kd6 Bg3+ 99. Kc6 Bf4 100. Rf7 Bg3 101. Rf3 Bh2 102. Rh3 Bf4 103. Rh7 Bg3 104. Ra7 Bf4 105. Rd7+ Ke8 106. Ra7 Kd8 107. Kd5 1/2-1/2

[Event "23rd ETCC Women 2021"]
[Site "Catez"]
[Date "2021.11.13"]
[Round "2.9"]
[White "Lazarne Vajda, Szidonia"]
[Black "Zawadzka, Jolanta"]
[Result "1/2-1/2"]
[ECO "D35"]
[WhiteElo "2345"]
[BlackElo "2429"]
[Annotator "NA"]
[PlyCount "103"]
[EventDate "2021.11.08"]
[EventType "team-tourn"]
[EventCountry "SLO"]
[SourceTitle "playchess.com"]
[Source "ChessBase"]
[SourceQuality "1"]
[WhiteTeam "Hungary"]
[BlackTeam "Poland"]
[WhiteTeamCountry "HUN"]
[BlackTeamCountry "POL"]
[TimeControl "40/5400+30:1800+30"]

1. d4 d5 2. c4 e6 3. Nc3 Nf6 4. cxd5 exd5 5. Bg5 c6 6. e3 Be6 7. Bd3 Nbd7 8. Nge2 h6 9. Bh4 g5 10. Bg3 Nh5 11. Qc2 Nxg3 12. Nxg3 h5 13.
h3 h4 14. Nge2 Qf6 15. Rf1 O-O-O 16. O-O-O Kb8 17. Kb1 Bh6 18. f3 Qe7 19. e4 dxe4 20. fxe4 Nb6 21. Na4 Bg7 22. Nxb6 axb6 23. e5 f6 24. exf6 Bxf6 25. Bc4 Bc8 26. d5 b5 27. Bb3 c5 28. a4 b4 29. Nc1 Rhf8 30.
Rde1 Qc7 31. Re2 Bd4 32. Rxf8 Rxf8 33. Ka2 Qg3 34. Bc4 g4 35. Nb3 gxh3 36. gxh3 Bxh3 37. Nxd4 cxd4 38. Qd2 Bf1 39. Qxb4 Qg7 40. Rd2 Bxc4+ 41. Qxc4 Rf4 42. d6 Qf7 43. Qxf7 Rxf7 44. Rxd4 Rd7 45. Rxh4 Rxd6 46. Ka3 Ka7 47. b3 Rg6 48. a5 b6 49. axb6+ Kxb6 50. Ka4 Rf6 51. b4 Rg6 52. Rh8 1/2-1/2

[Event "23rd ETCC Women 2021"]
[Site "Catez"]
[Date "2021.11.13"]
[Round "2.10"]
[White "Kiolbasa, Oliwia"]
[Black "Gara, Ticia"]
[Result "1/2-1/2"]
[ECO "B45"]
[WhiteElo "2403"]
[BlackElo "2331"]
[Annotator "NA"]
[PlyCount "111"]
[EventDate "2021.11.08"]
[EventType "team-tourn"]
[EventCountry "SLO"]
[SourceTitle "playchess.com"]
[Source "ChessBase"]
[SourceQuality "1"]
[WhiteTeam "Poland"]
[BlackTeam "Hungary"]
[WhiteTeamCountry "POL"]
[BlackTeamCountry "HUN"]
[TimeControl "40/5400+30:1800+30"]

1. e4 c5 2. Nf3 e6 3. d4 cxd4 4. Nxd4 Nf6 5. Nc3 Nc6 6. Ndb5 Bb4 7. a3 Bxc3+ 8. Nxc3 d5 9. exd5 exd5 10. Bd3 O-O 11. O-O d4 12. Ne4 Bf5 13. Bg5 Bxe4 14. Bxe4 h6 15. Bh4 g5 16. Bxc6 bxc6 17. Bg3 Qd5 18. Qd3 Ne4 19. Rad1 Rad8 20. Rfe1 Rfe8 21. f3 Nxg3 22. hxg3 c5 23. Qb5 Rxe1+ 24. Rxe1 c4 25. Re8+ Kg7 26. Qxd5 Rxd5 27. Rc8 d3 28. cxd3 cxd3 29. Rc1 Rb5 30. Rd1 Rxb2 31. Rxd3 Ra2 32. g4 a5 33. Kh2 Kf6 34. Rb3 a4 35. Re3 Kg6 36. Rc3 f6 37. Kh3 h5 38.
gxh5+ Kxh5 39. g4+ Kg6 40. Kg3 Kf7 41. Re3 Kg6 42. Rc3 Kf7 43.
Re3 Ra1 44. Kf2 f5 45. gxf5 Kf6 46. Rc3 Kxf5 47. Rc5+ Kf6 48. Kg3 Rxa3 49. Kg4 Ra1 50. Rf5+ Ke6 51. Kxg5 a3 52. Ra5 Kd6 53. Kf6 a2 54. f4 Rf1 55. Rxa2 Rxf4+ 56. Kg5 1/2-1/2

[Event "23rd ETCC Women 2021"]
[Site "Catez"]
[Date "2021.11.13"]
[Round "2.11"]
[White "Gaal, Zsoka"]
[Black "Socko, Monika"]
[Result "0-1"]
[ECO "D02"]
[WhiteElo "2336"]
[BlackElo "2393"]
[Annotator "ChessBase"]
[PlyCount "144"]
[EventDate "2021.11.08"]
[EventType "team-tourn"]
[EventCountry "SLO"]
[SourceTitle "playchess.com"]
[Source "ChessBase"]
[SourceQuality "1"]
[WhiteTeam "Hungary"]
[BlackTeam "Poland"]
[WhiteTeamCountry "HUN"]
[BlackTeamCountry "POL"]
[TimeControl "40/5400+30:1800+30"]

1. Nf3 d5 2. g3 Nd7 3. d4 Nb6 4. Bg2 Bf5 5. Nbd2 Nf6 6. c4 c6 7. b3 h6 8. Bb2 e6 9. Ne5 Be7 10. O-O O-O 11. e3 a5 12. Qe2 a4 13. e4 dxe4 14. Nxe4 Bxe4 15. Bxe4 Nxe4 16. Qxe4 Nd7 17. Nf3 Nf6 18. Qc2 Qa5 19. Ne5 a3 20. Bc3 Bb4 21. Bxb4 Qxb4 22. Rad1 Rfd8 23. Qc1 Rac8 24. h4 b6 25. Qf4 Qe7 26. Rfe1 Qc7 27. Qf3 Rd6 28. b4 Rcd8 29. Qxa3 c5 30. bxc5 bxc5 31. d5 exd5 32. cxd5 Rxd5 33. Rxd5 Rxd5 34. Nc4 Rd4 35. Rc1 Ne4 36. Qe3 Qd7 37. Kh2 Qd5 38. Nb6 Qxa2 39. Rxc5 Qxf2+ 40. Qxf2 Nxf2 41. Kg2 Ne4 42. Rc4 Rd2+ 43. Kf3 f5 44. Rc8+ Kh7 45. g4 Rd3+ 46. Kf4 Nd6 47. Rc6 fxg4 48. Kxg4 Nf7 49. Re6 g6 50. Kf4 Rh3 51. Kg4 Rb3 52. Nd7 Kg7 53. Kf4 Rb5 54. Kg3 g5 55. hxg5 hxg5 56. Nf6 Ne5 57. Ne4 Rb3+ 58. Kg2 Ng6 59. Rc6 Rb4 60. Nc5 Kh6 61. Nd3 Rb5 62. Kg3 Kh5 63. Rc7 Nh4 64. Rh7+ Kg6 65. Rd7 Nf5+ 66. Kg4 Ra5 67. Rb7 Nh6+ 68. Kf3 Ra3 69. Ke4 Ng4 70. Kf3 Ne5+ 71. Ke4 Nxd3 72. Rb6+ Kh5 0-1

[Event "23rd ETCC Women 2021"]
[Site "Catez"]
[Date "2021.11.13"]
[Round "2.12"]
[White "Kulon, Klaudia"]
[Black "Terbe, Julianna"]
[Result "1-0"]
[ECO "D00"]
[WhiteElo "2328"]
[BlackElo "2318"]
[Annotator "NA"]
[PlyCount "81"]
[EventDate "2021.11.08"]
[EventType "team-tourn"]
[EventCountry "SLO"]
[SourceTitle "playchess.com"]
[Source "ChessBase"]
[SourceQuality "1"]
[WhiteTeam "Poland"]
[BlackTeam "Hungary"]
[WhiteTeamCountry "POL"]
[BlackTeamCountry "HUN"]
[TimeControl "40/5400+30:1800+30"]

1. d4 d5 2. Bg5 f6 3. Bd2 Bf5 4. e3 e6 5. c4 c6 6. Nc3 Nd7 7. Nf3 g5 8. c5 h5 9. Qe2 Kf7 10. e4 dxe4 11. Nxe4 g4 12. Ng1 Qc7 13. Ng3 Bg6 14. h3 Bg7 15.
hxg4 hxg4 16. Rxh8 Bxh8 17. Qxg4 f5 18. Qf4 Qxf4 19. Bxf4 Bxd4 20. O-O-O e5 21. Nf3 exf4 22. Rxd4 Nxc5 23. Bc4+ Kg7 24. Ne2 Nf6 25. Nxf4 b5 26. b4 Nce4 27. Bb3 Bf7 28. Bxf7 Kxf7 29. Ne5+ Kg7 30. f3 Re8 31. Ned3 Nc3 32. Rd6 Ne2+ 33. Kd2 Nxf4 34. Nxf4 a5 35. a3 axb4 36. axb4 Rc8 37. Kd3 Ne8 38. Rd7+ Kf6 39. Kd4 Ng7 40. Rd6+ Kg5 41. g3 1-0

[Event "23rd ETCC Women 2021"]
[Site "Catez"]
[Date "2021.11.13"]
[Round "2.13"]
[White "Ushenina, Anna"]
[Black "Peng, Zhaoqin"]
[Result "1/2-1/2"]
[ECO "D07"]
[WhiteElo "2426"]
[BlackElo "2351"]
[Annotator "RC"]
[PlyCount "168"]
[EventDate "2021.11.08"]
[EventType "team-tourn"]
[EventCountry "SLO"]
[SourceTitle "playchess.com"]
[Source "ChessBase"]
[SourceQuality "1"]
[WhiteTeam "Ukraine"]
[BlackTeam "Netherlands"]
[WhiteTeamCountry "UKR"]
[BlackTeamCountry "NED"]
[TimeControl "40/5400+30:1800+30"]

1. d4 d5 2. c4 dxc4 3. e4 Nc6 4. Nf3 Bg4 5. d5 Ne5 6. Bf4 Ng6 7. Be3 Nf6 8. Nc3 e6 9. Qa4+ Qd7 10. Nb5 Bd6 11. dxe6 Bxe6 12. O-O-O O-O 13. e5 a6 14. Nc3 Qxa4 15. Nxa4 Nxe5 16. Be2 b5 17. Nc5 Neg4 18. Bd4 Bf4+ 19. Kb1 Bf5+ 20. Ka1 Rfe8 21. Rde1 Rad8 22. Nxa6 Ra8 23. Nh4 Be6 24. Nc5 Bd2 25. Rd1 Bb4 26. Nxe6 Rxe6 27. Bf3 Rae8 28. a3 Bf8 29. Nf5 Ne5 30. Bxe5 Rxe5 31. Nd4 Bd6 32. Bc6 Rb8 33. f4 Rc5 34. g3 b4 35. a4 Ng4 36. Rhe1 Nf2 37. Rd2 Nd3 38.
Rb1 b3 39. Rbd1 Nb4 40. Bb5 Ra8 41. Rc1 g5 42. Kb1 gxf4 43.
Rxc4 Rxc4 44. Bxc4 Rxa4 45. Bxb3 Ra5 46. gxf4 Bxf4 47. Rf2 Rg5 48. Bxf7+ Kh8 49. Rf1 Bxh2 50. Ne6 Ra5 51. Rh1 Rf5 52. b3 Be5 53. Bg6 Rf2 54. Rxh7+ Kg8 55. Kc1 Na2+ 56. Kd1 Nc3+ 57. Ke1 Rg2 58. Rh5 Bg3+ 59. Kf1 Rf2+ 60. Kg1 Ne2+ 61. Kh1 Bd6 62. Bh7+ Kf7 63. Ng5+ Ke7 64. Ne4 Rf4 65. Rh3 Be5 66. Kg2 Rf7 67. Rh6 Nd4 68. b4 Rg7+ 69. Kf2 Bf4 70. Rh4 Be5 71. Rh5 Bf4 72. Rh4 Be5 73. Rh5 Rf7+ 74. Kg2 Bf4 75. Bg6 Rg7 76. Rh7 Rxh7 77. Bxh7 Bd6 78. Nc3 Kd7 79. Na2 Kc6 80. Kf2 Kb5 81. Ke3 Nc6 82. Be4 Ne5 83. Kd4 Nc6+ 84. Bxc6+ Kxc6 1/2-1/2

[Event "23rd ETCC Women 2021"]
[Site "Catez"]
[Date "2021.11.13"]
[Round "2.14"]
[White "Roebers, Eline"]
[Black "Osmak, Iulija"]
[Result "1-0"]
[ECO "B11"]
[WhiteElo "2304"]
[BlackElo "2423"]
[Annotator "NA"]
[PlyCount "101"]
[EventDate "2021.11.08"]
[EventType "team-tourn"]
[EventCountry "SLO"]
[SourceTitle "playchess.com"]
[Source "ChessBase"]
[SourceQuality "1"]
[WhiteTeam "Netherlands"]
[BlackTeam "Ukraine"]
[WhiteTeamCountry "NED"]
[BlackTeamCountry "UKR"]
[TimeControl "40/5400+30:1800+30"]

1. e4 c6 2. Nf3 d5 3. Nc3 Bg4 4. h3 Bxf3 5. Qxf3 e6 6. d4 dxe4 7. Nxe4 Qxd4 8. Bg5 Nd7 9. Rd1 Qe5 10. Bf4 Qa5+ 11. Bd2 Qf5 12. Qxf5 exf5 13. Ng3 g6 14. Bc3 f6 15. Bc4 O-O-O 16. O-O Kc7 17. Ne2 Ne5 18. Bb3 Rxd1 19. Rxd1 Bc5 20. Nf4 Bb6 21. Bb4 Kc8 22. Bf8 h5 23. Kf1 g5 24. Bg7 Rh7 25. Nxh5 Rxh5 26. Bxg8 g4 27. Bxf6 Bc7 28. h4 g3 29. f3 Kb8 30. Re1 f4 31. Bg5 Rh8 32. Bxf4 Rxh4 33. Rxe5 Rh1+ 34. Ke2 Bxe5 35. Bxe5+ Kc8 36. Bxg3 Kd7 37. Be5 Rc1 38. Bb3 b5 39. g4 c5 40. Kd2 Rg1 41. Bd5 Rg2+ 42. Kc3 a5 43.
Be4 Ke6 44. Bf4 a4 45. g5 Kf7 46. Be3 Ke6 47. Bxc5 Rxg5 48. Kb4 Kd7 49. Kxb5 Kc7 50. b4 a3 51. Ka4 1-0